 Dungeon Crawl Stone Soup version 0.27-a0-1500-g450c7e4133 (webtiles) character file.

Game seed: 2610642454728013169

8295 dickylongcocking the Fighter (level 11, -4/77 HPs)
             Began as a Djinni Wanderer on July 8, 2021.
             Was a Follower of Makhleb.
             Slain by a slime creature (15 damage)
             ... on level 9 of the Dungeon.
             The game lasted 00:19:56 (11971 turns).

dickylongcocking the Fighter (Djinni Wanderer)     Turns: 11971, Time: 00:19:57

Health: -4/77      AC:  8    Str:  9    XL:     11   Next: 53%
Gold:   402        EV: 12    Int: 24    God:    Makhleb [*.....] SH:  0 Dex: 18

rFire    + + .     SeeInvis .   y - staff of cold
rCold    . . .     Faith    .   (no shield)
rNeg     . . .     Spirit   .   G - +0 acid dragon scales
rPois    ∞         Reflect  .   (no helmet)
rElec    .         Harm     .   w - scarf {repulsion}
rCorr    +         Rampage  .   s - +0 pair of gloves
Will     +....                  (boots unavailable)
Stlth    ++........             m - amulet of regeneration
HPRegen  1.22/turn              g - +6 ring of intelligence
MPRegen  0.00/turn              h - +6 ring of dexterity

@: flying, repel missiles
A: sickness immunity, fire resistance 2, cold vulnerability 1, float, innate
caster, hp casting, extra vitality 1, frail 1, weak 1
a: Renounce Religion


You were on level 9 of the Dungeon.
You worshipped Makhleb.
Makhleb was aware of your devotion.
You visited 2 branches of the dungeon, and saw 10 of its levels.

You collected 402 gold pieces.

Inventory:

Hand Weapons
 a - a +0 club
 o - a +0 quarterstaff
 z - a +3 dagger
 A - a +5 short sword
 E - a +1 dagger of draining
 I - a +3 scimitar of freezing
Missiles
 J - a throwing net
Armour
 b - a +0 robe
 s - a +0 pair of gloves (worn)
 w - a scarf of repulsion (worn)
 F - +0 steam dragon scales
 G - +0 acid dragon scales (worn)
Magical Staves
 y - a staff of cold (weapon)
Jewellery
 c - a ring of positive energy
 g - a +6 ring of intelligence (left hand)
 h - a +6 ring of dexterity (right hand)
 m - an amulet of regeneration (around neck)
 n - an amulet of guardian spirit
Wands
 t - a wand of paralysis (10)
 u - a wand of mindburst (5)
 K - a wand of iceblast (7)
Scrolls
 d - 4 scrolls of fog {unknown}
 f - 7 scrolls of identify {unknown}
 i - a scroll of silence {unknown}
 j - a scroll of fear {unknown}
 k - 2 scrolls of summoning {unknown}
 l - 3 scrolls of teleportation {unknown}
 q - 2 scrolls of acquirement {unknown}
 v - a scroll of amnesia {unknown}
 x - 5 scrolls of enchant armour {unknown}
 B - a scroll of noise {unknown}
 D - a scroll of brand weapon {unknown}
 H - a scroll of immolation {unknown}
Potions
 e - a potion of brilliance
 p - 2 potions of mutation
 r - a potion of might
 C - 2 potions of curing
 L - a potion of cancellation {unknown}
 M - a potion of lignification {unknown}
Miscellaneous
 N - a phial of floods (inert)


   Skills:
 * Level 10.8 Fighting
 - Level 3.9(4.1) Short Blades
 * Level 1.8(3.1) Long Blades
 - Level 5.0 Armour
 * Level 2.4 Dodging
 - Level 1.0 Stealth
 - Level 1.0 Shields
 * Level 9.6 Spellcasting


You couldn't memorise any spells.
You knew the following spells:

 Your Spells              Type           Power      Damage    Failure   Level
a - Foxfire               Conj/Fire      100%       2x1d9     1%          1
b - Blink                 Tloc           N/A        N/A       1%          2
c - Inner Flame           Hex/Fire       55%        N/A       1%          3
d - Slow                  Hex            55%        N/A       1%          2
e - Conjure Flame         Conj/Fire      55%        6-21      1%          3
f - Stone Arrow           Conj/Erth      100%       3d13      1%          3
g - Call Imp              Summ           55%        N/A       1%          2
h - Magic Dart            Conj           100%       1d8       1%          1
i - Apportation           Tloc           100%       N/A       1%          1
j - Ensorcelled Hibernat  Hex/Ice        100%       N/A       1%          2
k - Portal Projectile     Hex/Tloc       100%       N/A       1%          3
l - Hailstorm             Conj/Ice       72%        3d15      1%          4
x - Mephitic Cloud        Conj/Pois/Air  55%        N/A       1%          3

Your spell library contained the following spells:

 Spells                   Type           Power      Damage    Failure   Level
 Summon Small Mammal      Summ           100%       N/A       1%          1
 Summon Guardian Golem    Hex/Summ       55%        N/A       1%          3


Dungeon Overview and Level Annotations

Branches:
Dungeon (9/15)             Temple (1/1) D:7
   Lair: D:8-11         Orc: D:9-12

Altars:
Ashenzari
Cheibriados
Dithmenos
Elyvilon
Fedhas
Makhleb
Okawaru
Sif Muna
Trog
Xom
Yredelemnul

Annotations:
D:8 2 transporters, atabob's ghost, novice DrCj


Innate Abilities, Weirdness & Mutations

You are immune to sickness and miasma.
You are immune to poison.
Your flesh is very heat resistant. (rF++)
You are vulnerable to cold. (rC-)
You float through the air rather than walking.
You learn spells naturally, not from books.
Your magical power is your life essence.
You have superior vitality. (+4 HP)
You are frail. (-10% HP)
You are weak. (Str -2)


Message History

You feel a surge of power!
The large slime creature resists with some effort.
* * * LOW HITPOINT WARNING * * *
The large slime creature is engulfed in blazing flames.
A large slime creature splits.
Unknown command.
Unknown command.
Unknown command.
Unknown command.
Unknown command.
Unknown command.
Unknown command.
Casting: Ensorcelled Hibernation (safe; 1% risk of failure)
Confirm with . or Enter, or press ? or * to list all spells.
Aiming: Ensorcelled Hibernation (safe; 1% risk of failure)
Press: ? - help, Shift-Dir - straight line, f/p - slime creature
Aim: a slime creature (flame, severely wounded, chance to affect: 55%)
Okay, then.
Casting: Ensorcelled Hibernation (safe; 1% risk of failure)
Confirm with . or Enter, or press ? or * to list all spells.
Okay, then.
Casting: Ensorcelled Hibernation (safe; 1% risk of failure)
Confirm with . or Enter, or press ? or * to list all spells.
Aiming: Ensorcelled Hibernation (safe; 1% risk of failure)
Press: ? - help, Shift-Dir - straight line, f/p - slime creature
Aim: a slime creature (flame, severely wounded, chance to affect: 55%)
Okay, then.
Casting: Ensorcelled Hibernation (safe; 1% risk of failure)
Confirm with . or Enter, or press ? or * to list all spells.
Aiming: Ensorcelled Hibernation (safe; 1% risk of failure)
Press: ? - help, Shift-Dir - straight line, f - slime creature, p - slime creature
Aim: a slime creature (severely wounded, chance to affect: 55%)
You feel a surge of power!
The slime creature resists with some effort.
* * * LOW HITPOINT WARNING * * *
The slime creature is engulfed in blazing flames.
The slime creature hits you!
* * * LOW HITPOINT WARNING * * *
The slime creature hits you!
You die...

.. .. .# #. #.### ####
#...### ##..>.
##...≈.###......
###....≈§J@#......
###......≈##J.......
##.........##..##....
###..........##..# ..
##............#...#
#.............#..##
.............##..#
.............#...?...#
<............#..........


You could see 2 slime creatures.

Vanquished Creatures
  Harold (D:8)
  A two-headed ogre (D:8)
  A death knight (D:8)
  A manticore (D:8)
  4 centaur zombies (D:8)
  Maggie (D:8)
  A komodo dragon (D:5)
  2 trolls (D:8)
  A yak (D:8)
  A shadow (D:6)
  A wyvern (D:8)
  A basilisk (D:8)
  Grum (D:8)
  Eustachio (D:4)
  An acid dragon (D:8)
  4 water moccasins
  A black bear (D:7)
  2 sky beasts
  4 orc warriors
  An ogre (D:5)
  2 ice beasts (D:8)
  A necrophage (D:6)
  4 wolves (D:8)
  A phantom (D:5)
  A bullfrog (D:7)
  A scorpion (D:7)
  A wyvern skeleton (D:5)
  17 killer bees
  6 wights
  3 hounds
  5 orc priests
  A bullfrog skeleton (D:6)
  2 jellies
  2 iguanas
  6 orc wizards
  3 howler monkey zombies
  2 howler monkey skeletons
  11 adders
  3 white imps
  2 ufetubi
  2 dart slugs
  25 orcs
  10 endoplasms
  3 giant cockroaches
  6 goblins
  4 hobgoblins
  4 jackals (D:1)
  5 kobolds
  6 quokkas
  3 ball pythons
  13 bats
  4 frilled lizards
  3 rats
193 creatures vanquished.

Vanquished Creatures (collateral kills)
  A killer bee (D:8)
  An adder (D:3)
  A goblin (D:3)
3 creatures vanquished.

Vanquished Creatures (others)
  2 killer bees
  115 foxfires
  7 plants (D:8)
124 creatures vanquished.

Grand Total: 320 creatures vanquished

Notes
Turn   | Place    | Note
-------+----------+-------------------------------------------
     0 | D:1      | dickylongcocking the Djinni Wanderer began the quest for
                  | the Orb.
     0 | D:1      | Reached XP level 1. HP: 17/17 MP: 0/0
   140 | D:1      | Reached XP level 2. HP: 12/22 MP: 0/0
   848 | D:1      | Reached XP level 3. HP: 26/27 MP: 0/0
   848 | D:1      | Learned a level 1 spell: Apportation
  1606 | D:2      | Reached skill level 2 in Fighting
  1606 | D:2      | Reached XP level 4. HP: 6/33 MP: 0/0
  1857 | D:2      | Found a faded altar of an unknown god.
  2416 | D:3      | Noticed a water moccasin
  2430 | D:3      | Killed a water moccasin
  2431 | D:3      | Reached skill level 3 in Fighting
  2431 | D:3      | Reached skill level 5 in Spellcasting
  2431 | D:3      | Reached XP level 5. HP: 9/40 MP: 0/0
  2431 | D:3      | Learned a level 2 spell: Ensorcelled Hibernation
  3190 | D:3      | You are sucked into a shaft and drop 3 floors!
  3197 | D:6      | Reached XP level 6. HP: 35/46 MP: 0/0
  3483 | D:6      | Gained mutation: You are weak. (Str -2) [potion of
                  | mutation]
  3483 | D:6      | Gained mutation: You are frail. (-10% HP) [potion of
                  | mutation]
  3504 | D:6      | Reached skill level 4 in Fighting
  3729 | D:6      | Noticed a sky beast
  3744 | D:6      | Killed a sky beast
  3745 | D:6      | Reached XP level 7. HP: 21/47 MP: 0/0
  3745 | D:6      | Learned a level 3 spell: Portal Projectile
  4444 | D:6      | Reached skill level 5 in Fighting
  4660 | D:6      | Found a shimmering altar of Xom.
  4946 | D:6      | Reached XP level 8. HP: 43/54 MP: 0/0
  4985 | D:6      | Noticed a shadow
  4986 | D:6      | Reached skill level 6 in Fighting
  5001 | D:5      | Entered Level 5 of the Dungeon
  5368 | D:5      | Noticed a komodo dragon
  5398 | D:5      | Killed a komodo dragon
  5781 | D:5      | Reached skill level 7 in Fighting
  5980 | D:5      | Reached XP level 9. HP: 51/61 MP: 0/0
  5980 | D:5      | Learned a level 3 spell: Stone Arrow
  7646 | D:3      | Found a white marble altar of Elyvilon.
  8421 | D:4      | Noticed Eustachio
  8439 | D:4      | Killed Eustachio
  8440 | D:4      | Reached skill level 8 in Fighting
  8739 | D:4      | Found a bloodstained altar of Trog.
  9434 | D:7      | Found a staircase to the Ecumenical Temple.
  9527 | Temple   | Entered the Ecumenical Temple
  9544 | Temple   | Became a worshipper of Makhleb the Destroyer
  9708 | D:7      | Reached skill level 9 in Fighting
  9898 | D:7      | Reached XP level 10. HP: 38/70 MP: 0/0
 10727 | D:8      | Noticed a two-headed ogre
 10745 | D:8      | Noticed Harold
 10836 | D:8      | Reached * piety under Makhleb
 10906 | D:8      | Reached skill level 1 in Short Blades
 10933 | D:8      | Noticed Maggie
 10945 | D:8      | Killed Maggie
 11002 | D:8      | Reached skill level 10 in Fighting
 11035 | D:8      | Noticed atabob's ghost (novice DrCj)
 11077 | D:8      | Noticed Grum
 11085 | D:8      | Killed Grum
 11100 | D:8      | Found a shadowy altar of Dithmenos.
 11132 | D:8      | Killed a two-headed ogre
 11133 | D:8      | Reached XP level 11. HP: 72/76 MP: 0/0
 11133 | D:8      | Learned a level 4 spell: Hailstorm
 11270 | D:8      | Noticed a manticore
 11278 | D:8      | Killed a manticore
 11497 | D:8      | Identified the +8 shortbow of Massacring {flame, Contam
                  | rElec MP-9 Dex+5}
 11501 | D:8      | Noticed a death knight
 11509 | D:8      | Killed a death knight
 11510 | D:8      | Reached skill level 5 in Armour
 11558 | D:8      | Reached skill level 1 in Dodging
 11583 | D:8      | Found a broken altar of Ashenzari.
 11642 | D:8      | Reached skill level 1 in Long Blades
 11701 | D:8      | Found a transporter.
 11701 | D:8      | Found a transporter.
 11760 | D:8      | Killed Harold
 11760 | D:8      | Reached ** piety under Makhleb
 11971 | D:9      | Slain by a slime creature

Illustrated notes

Levels and vault maps discovered:
D:1:      mrwooster_arrival_statue, layout_loops_corners
D:2:      layout_basic, shapermc_ecumenical_altar_rom_forum
D:3:      layout_rooms, elyvilon_altar_3, kennysheep_cross_room
D:4:      layout_loops_cross, trog_butcher_becter, hex_medium, uniq_eustachio
D:5:      layout_basic, columned_hall_lemuel
D:6:      layout_loops_ring, kennysheep_little_box, grunt_potential
D:7:      layout_loops_cross, minmay_temple_entry_hall,
          chequers_serial_rivers_micro_e, roderic_batcave, grunt_ministairs_15
D:8:      layout_loops_ring, mainiacjoe_overflow_24_doors,
          mainiacjoe_overflow_chevrons, gammafunk_ghost_hive,
          minmay_pinched_square, uniq_grum, uniq_harold, uniq_maggie
D:9:      layout_cave_pods, ebering_ghost_reflecting_pool
Temple:   eino_temple_water

Skill      XL: |  1  2  3  4  5  6  7  8  9 10 11 |
---------------+----------------------------------+-----
Fighting       | 2 3 4 5 7 9 10 | 10.8
Spellcasting   | 5 6 7 8 9 |  9.6
Short Blades   | 3 |  3.9
Armour         | 4 5 |  5.0
Dodging        | 2 |  2.4
Long Blades    | 1 |  1.8
Stealth        | |  1.0
Shields        | |  1.0

Action                   |  1- 3 |  4- 6 |  7- 9 | 10-12 || total
-------------------------+-------+-------+-------+-------++-------
Melee: Club              |       |     5 |       |       ||     5
       Quarterstaff      |       |    38 |   120 |       ||   158
       Short sword       |       |       |    26 |    41 ||    67
       Dagger            |       |       |    15 |    21 ||    36
 Cast: Magic Dart        |    51 |    18 |    19 |       ||    88
       Foxfire           |    18 |    17 |    34 |     3 ||    72
       Mephitic Cloud    |     1 |     1 |    21 |    26 ||    49
       Call Imp          |       |     4 |       |       ||     4
       Inner Flame       |       |     2 |     5 |       ||     7
       Ensorcelled Hiber |       |     6 |     6 |    15 ||    27
       Conjure Flame     |       |     2 |     9 |     8 ||    19
       Stone Arrow       |       |       |    22 |    43 ||    65
       Portal Projectile |       |       |       |     1 ||     1
       Hailstorm         |       |       |       |    27 ||    27
       Blink             |       |       |       |     1 ||     1
Evoke: Wand              |       |       |       |     1 ||     1
       Phial of floods   |       |       |       |     1 ||     1
  Use: Potion            |       |     5 |     4 |     1 ||    10
 Stab: Sleeping          |       |     4 |     4 |     6 ||    14
       Confused          |       |     1 |     5 |     7 ||    13
Armor: Robe              |     1 |    10 |    56 |    21 ||    88
       Steam dragon scal |       |       |       |     5 ||     5
       Acid dragon scale |       |       |       |     5 ||     5
Dodge: Dodged            |     5 |    27 |   154 |    65 ||   251
       Repelled          |       |       |       |     1 ||     1

Table legend: (Time is in decaauts)
 A = Elapsed time spent in this place.
 B = Non-inter-level travel time spent in this place.
 C = Inter-level travel time spent in this place.
 D = Time resting spent in this place.
 E = Time spent auto-exploring this place.
 F = Levels seen in this place.
 G = Mean time per level.
                   A        B        C        D        E       F      G
               +--------+--------+--------+--------+--------+-----+--------+
         Total |  12022 |  11481 |    541 |   1562 |   8403 |  10 | 1202.2 |
       Dungeon |  11994 |  11463 |    531 |   1562 |   8396 |   9 | 1332.7 |
        Temple |     27 |     18 |      9 |      0 |      7 |   1 |   27.0 |
               +--------+--------+--------+--------+--------+-----+--------+

Top non-repeatable levels by time:
     D:6: 2318 daAuts
     D:5: 2242 daAuts
     D:1: 1490 daAuts
     D:4: 1320 daAuts
     D:7: 1291 daAuts
     D:3: 1176 daAuts
     D:8: 1172 daAuts
     D:2: 926 daAuts
     D:9: 55 daAuts
  Temple: 27 daAuts
